 Dungeon Sprint DCSS version 0.16.1-11-g651b585 (webtiles) character file.

1200000 Ryushun the Archmage (level 15, -37/87 HPs)
             Began as a High Elf Wizard on Mar 30, 2015.
             Annihilated by a bag of meat
             ... wielding a +9 war axe
              (40 damage)
             ... in the Dungeon (Sprint VIII: "Arena of Blood").
             The game lasted 00:01:36 (12 turns).

Ryushun the Archmage (High Elf Wizard)                Turns: 12, Time: 00:01:36

Health: -37/87     AC:  2    Str: 11    XL:     15   Next: 4%
Magic:  2/44       EV: 28    Int: 22    God:
Gold:   0          SH:  0    Dex: 17    Spells: 1 memorised, 67 levels left

rFire  . . .     SeeInvis .     k - +∞ Axe of Woe
rCold  . . .     Clarity  .     a - +0 robe
rNeg   . . .     SustAb   .     (no shield)
rPois  .         Gourm    .     b - +0 hat
rElec  .         Spirit   .     (no cloak)
rCorr  .         Warding  .     (no gloves)
rMut   .         NoTele   +     (no boots)
MR     +....                    (no amulet)
Stlth  +++++++...               (no ring)
                                (no ring)

@: very slightly contaminated, somewhat resistant to hostile enchantments,
extremely stealthy
A: no striking features
a: no special abilities


You were in the Dungeon.
You were not hungry.

You visited 1 branch

Inventory:

Hand weapons
 k - the +∞ Axe of Woe (weapon)
   (You found it in the Dungeon)
Armour
 a - a +0 robe (worn)
 b - a +0 hat (worn)
Scrolls
 j - a scroll of blinking
Potions
 e - a potion of curing
 g - a potion of haste
 h - 2 potions of magic
 i - a potion of berserk rage
Books
 c - a book of Minor Magic

   Spells                             Type                      Level
   a - Magic Dart                     Conjuration                  1
   b - Blink                          Translocation                2
   c - Call Imp                       Summoning                    2
   d - Repel Missiles                 Charms/Air                   2
   e - Slow                           Hexes                        2
   f - Conjure Flame                  Conjuration/Fire             3
   g - Mephitic Cloud                 Conjuration/Poison/Air       3
Comestibles
 d - a bread ration


   Skills:
 + Level 2.8 Fighting
 * Level 17.3 Axes
 + Level 20.2 Dodging
 + Level 18.3 Stealth
 O Level 27 Spellcasting
 + Level 10.5 Conjurations
   Level 0.8 Summonings
   Level 1.1 Translocations


You had 67 spell levels left.
You knew the following spells:

 Your Spells              Type           Power        Failure   Level  Hunger
a - Magic Dart            Conj           ####         0%          1    None


Dungeon Overview and Level Annotations

Branches:
Dungeon (1/1)

Altars:
Makhleb


Message History

You slash the bag of meat!
You fatally mangle the bag of meat.
You kill the bag of meat!
Your Fighting skill increases to level 2!
Your Axes skill gained 2 levels and is now at level 17!
Your Dodging skill increases to level 20!
Your Stealth skill increases to level 18!
Your Conjurations skill increases to level 10!
You have reached level 15!
Your experience leads to an increase in your attributes!
Increase (S)trength, (I)ntelligence, or (D)exterity?
You feel stronger.
You feel agile.
You hear a shout! x19
Unknown command.
Unknown command.
You hear a shout! x5
The meat berserker appears out of thin air!
A meat berserker comes into view. It is wielding a +9 battleaxe.
You hear a shout! x5
The bag of meat hits you with a +9 war axe!!!
You die...

... .. #.. ..#
#.. ..# ..###..
..###.
......###......
....._......
#..)).# #_o<)_#
#..@..#
o......._........
......###...O..
..###.. ..###.
#.. ..# #.. .#
... .. . . .


You could see a meat berserker (berserk) and 2 bags of meat.

Vanquished Creatures
  An ogre (D)
  6 orcs (D)
7 creatures vanquished.

Notes
Turn   | Place    | Note
--------------------------------------------------------------
     0 | D        | Ryushun, the High Elf Wizard, began the quest for the Orb.
     0 | D        | Reached XP level 1. HP: 11/11 MP: 5/5
     2 | D        | Noticed a bag of meat
     2 | D        | Noticed a bag of meat
     2 | D        | Noticed a bag of meat
     4 | D        | Noticed a bag of meat
     5 | D        | Noticed a bag of meat
     5 | D        | Noticed a bag of meat
     6 | D        | Noticed a bag of meat
     6 | D        | Noticed a bag of meat
     8 | D        | Noticed a bag of meat
     9 | D        | Noticed a meat berserker
     9 | D        | Killed a bag of meat
     9 | D        | Reached skill level 11 in Dodging
     9 | D        | Reached skill level 10 in Stealth
     9 | D        | Reached skill level 23 in Spellcasting
     9 | D        | Reached skill level 5 in Conjurations
     9 | D        | Reached XP level 2. HP: 17/17 MP: 0/27
     9 | D        | Reached XP level 3. HP: 21/21 MP: 0/29
     9 | D        | Reached XP level 4. HP: 27/27 MP: 0/31
     9 | D        | Reached XP level 5. HP: 31/31 MP: 0/32
     9 | D        | Reached XP level 6. HP: 36/36 MP: 0/34
     9 | D        | Reached XP level 7. HP: 41/41 MP: 0/35
     9 | D        | Reached XP level 8. HP: 46/46 MP: 0/36
     9 | D        | Reached XP level 9. HP: 51/51 MP: 0/38
     9 | D        | Reached XP level 10. HP: 56/56 MP: 0/39
     9 | D        | Reached XP level 11. HP: 61/61 MP: 0/39
     9 | D        | Killed a bag of meat
     9 | D        | Reached skill level 26 in Spellcasting
     9 | D        | Reached XP level 12. HP: 66/66 MP: 0/42
    10 | D        | HP: 3/66 [bag of meat/+9 war axe (15)]
    11 | D        | Killed a bag of meat
    11 | D        | Reached skill level 15 in Dodging
    11 | D        | Reached skill level 27 in Spellcasting
    11 | D        | Reached XP level 13. HP: 3/71 MP: 1/43
    11 | D        | Killed a bag of meat
    11 | D        | Reached skill level 15 in Stealth
    11 | D        | Killed a bag of meat
    11 | D        | Reached XP level 14. HP: 3/76 MP: 1/43
    11 | D        | Killed a meat berserker
    11 | D        | Reached skill level 1 in Fighting
    11 | D        | Reached skill level 15 in Axes
    11 | D        | Killed a bag of meat
    11 | D        | Reached skill level 10 in Conjurations
    11 | D        | Reached XP level 15. HP: 3/87 MP: 1/44
    12 | D        | Annihilated by a bag of meat

Action                   |  1- 3 |  4- 6 |  7- 9 | 10-12 | 13-15 || total
-------------------------+-------+-------+-------+-------+-------++-------
Melee: Executioner's axe |     1 |       |       |     1 |       ||     2
 Cast: Magic Dart        |     4 |       |       |       |       ||     4
  Use: Potion            |       |       |       |     1 |       ||     1
